Map: King's Cove LE

Players

Samwise - Winner!

  • Race: Protoss Protoss
  • League: Platinum
  • Spawn Location: 11:00

A.I. 1 (Elite)

  • Race: Zerg Zerg
  • Spawn Location: 5:00

VOD

Have the link to the VOD?

Description

Time

  • Played on: Sept. 1, 2019, 12:45 p.m.
  • Length: 14:52
Show
View Real Time Build Order
Export as new Build Order

Samwise Protoss - Winner!

Build Orders: Oracle Opening, Phoenix Opening 

Get SALT Encoding   

  12  0:01  Probe  
  13  0:13  Probe  
  14  0:19  Pylon  
  14  0:25  Probe  
  15  0:36  Probe  
  16  0:43  Gateway  
  16  0:44  Probe  
  16  0:49  Assimilator  
  17  0:52  Probe  
  18  1:08  Probe  
  19  1:20  Probe  
  20  1:31  Cybernetics Core  
  20  1:32  Zealot  
  22  1:33  Pylon, Probe  
  23  1:51  Probe  
  24  1:58  Nexus  
  24  2:09  Gateway  
  24  2:19  Assimilator  
  24  2:23  Pylon  
  24  2:25  Probe  
  25  2:32  Adept  
  26  2:37  Probe  
  27  2:45  Stargate  
  27  2:49  Warp Gate  
  27  2:55  Adept  
  27  3:01  Probe  
  30  3:07  Probe  
  31  3:13  Pylon, Probe  
  31  3:17  Probe  
  32  3:25  Probe  
  34  3:27  Probe  
  34  3:31  Phoenix  
  37  3:36  Assimilator  
  37  3:40  Assimilator  
  37  3:42  Probe  
  37  3:44  Probe  
  39  3:58  Oracle  
  39  3:59  Probe x2  
  44  4:10  Stargate  
  44  4:11  Probe  
  44  4:15  Probe  
  44  4:16  Pylon  
  46  4:23  Probe  
  47  4:33  Gateway  
  47  4:35  Probe  
  47  4:36  Probe  
  47  4:37  Phoenix  
  51  4:47  Probe, Phoenix  
  51  4:49  Probe  
  53  4:56  Phoenix  
  53  4:59  Probe  
  56  5:01  Probe  
  59  5:11  Probe  
  59  5:13  Phoenix  
  59  5:14  Probe  
  61  5:16  Phoenix  
  65  5:26  Zealot x2  
  69  5:56  Pylon  
  69  5:58  Nexus  
  69  5:59  Pylon  
  69  6:02  Pylon  
  69  6:09  Protoss Air Weapons Level 1  
  69  6:13  Phoenix x2  
  69  6:15  Forge  
  69  6:16  Gateway  
  73  6:19  Gateway  
  73  6:37  Gateway  
  73  6:38  Phoenix x2  
  73  6:39  Protoss Ground Weapons Level 1  
  77  6:49  Robotics Facility  
  77  6:50  Robotics Facility  
  77  7:03  Probe x2  
  77  7:06  Shield Battery  
  79  7:08  Shield Battery  
  79  7:15  Probe x2  
  79  8:24  Immortal x2  
  87  8:57  Protoss Ground Armor Level 1  
  85  9:03  Immortal x2  
  93  9:11  Twilight Council  
  93  9:13  Gateway  
  93  9:15  Gateway  
  93  9:16  Probe, Zealot x3  
  99  9:17  Zealot  
  99  9:20  Probe x2  
  104  9:24  Probe  
  104  9:28  Assimilator  
  104  9:30  Assimilator  
  105  9:32  Probe x2  
  107  10:07  Stalker  
  107  10:08  Immortal  
  107  10:29  Charge  
  107  10:35  Templar Archives  
  107  10:42  Probe x2  
  109  10:54  Pylon  
  109  10:57  Pylon  
  109  10:59  Pylon  
  109  11:12  Probe  
  109  11:13  Immortal  
  109  11:15  Immortal  
  118  11:51  Warp Prism  
  120  11:54  Immortal  
  124  12:15  High Templar x4  
  130  12:16  Protoss Ground Weapons Level 2  
  132  12:23  Pylon  
  132  12:25  Pylon  
  132  12:28  Pylon  
  132  12:29  Pylon  
  132  12:31  Pylon  
  132  12:33  Gateway  
  132  12:38  Archon  
  132  12:39  Archon  
  132  12:48  High Templar x3  
  132  12:49  High Templar x2  
  132  12:50  High Templar  
  144  12:51  Zealot  
  144  12:52  Zealot  
  144  12:55  Archon  
  144  12:56  Archon x2  
  148  13:32  Nexus  
  148  13:33  Pylon  
  139  13:46  Zealot x4  
  139  13:47  Zealot x4  
  139  13:48  Zealot  
  147  14:25  Zealot  
  147  14:26  Zealot x5  
  147  14:27  Zealot x3  
Show
View Real Time Build Order
Export as new Build Order

A.I. 1 (Elite) Zerg 

Build Orders: Pool First 

Get SALT Encoding   

  12  0:00  Drone  
  13  0:13  Overlord  
  13  0:18  Drone  
  14  0:31  Drone x2  
  16  0:45  Spawning Pool  
  16  0:46  Drone  
  16  0:50  Drone  
  17  1:13  Hatchery  
  17  1:16  Drone  
  17  1:19  Extractor  
  17  1:21  Extractor  
  17  1:24  Drone  
  16  1:28  Drone  
  17  1:33  Drone  
  17  1:39  Drone  
  19  1:49  Overlord  
  19  2:00  Queen  
  21  2:06  Zergling x2  
  22  2:11  Drone  
  23  2:27  Queen  
  25  2:33  Drone  
  26  2:38  Drone  
  26  2:43  Drone  
  28  2:47  Drone  
  29  3:03  Roach Warren  
  29  3:05  Drone  
  29  3:07  Drone  
  29  3:11  Zergling x2  
  31  3:13  Zergling x2  
  32  3:21  Overlord  
  32  3:24  Drone  
  32  3:26  Drone  
  34  3:42  Roach  
  34  3:43  Roach  
  34  3:44  Roach  
  34  3:45  Roach  
  42  3:51  Lair  
  42  3:56  Overlord  
  42  4:01  Overlord  
  42  4:05  Zergling x2  
  42  4:08  Zergling x2  
  44  4:14  Drone, Zergling x2  
  44  4:15  Drone  
  47  4:18  Drone  
  47  4:21  Drone  
  47  4:23  Drone  
  50  4:27  Roach  
  50  4:31  Roach  
  54  4:35  Overlord  
  54  4:43  Drone  
  54  4:45  Drone  
  56  4:47  Drone  
  56  4:49  Drone  
  58  4:53  Infestation Pit, Drone  
  58  4:55  Overlord  
  58  5:00  Overlord  
  58  5:05  Hydralisk Den  
  57  5:11  Drone  
  57  5:12  Drone  
  53  5:15  Drone  
  53  5:17  Drone  
  53  5:21  Drone  
  53  5:23  Drone  
  53  5:27  Drone  
  55  5:30  Drone  
  55  5:33  Drone  
  55  5:34  Drone  
  58  5:36  Hydralisk  
  58  5:39  Hydralisk  
  62  5:44  Hydralisk  
  62  5:47  Hydralisk  
  66  5:50  Drone  
  66  5:52  Drone  
  66  5:54  Drone  
  66  5:55  Drone  
  70  5:58  Drone  
  70  6:00  Drone  
  70  6:01  Drone  
  70  6:03  Drone  
  74  6:05  Drone  
  74  6:09  Overlord  
  74  6:10  Drone  
  76  6:12  Drone  
  76  6:14  Infestor  
  76  6:17  Roach  
  81  6:20  Roach  
  83  6:27  Overlord, Infestor  
  85  6:35  Metabolic Boost  
  85  6:38  Evolution Chamber  
  85  6:39  Drone  
  85  6:46  Ravager  
  86  6:48  Evolution Chamber, Hatchery  
  84  6:57  Drone  
  84  6:59  Roach  
  87  7:02  Ravager  
  87  7:03  Evolution Chamber  
  87  7:04  Drone, Zerg Melee Weapons Level 1  
  87  7:06  Roach  
  87  7:08  Overlord  
  90  7:13  Zerg Missile Weapons Level 1, Hydralisk  
  92  7:21  Drone, Extractor  
  92  7:22  Drone, Overseer  
  87  7:29  Zerg Ground Armor Level 1, Hydralisk  
  86  7:30  Queen  
  86  7:31  Hydralisk  
  86  7:32  Overlord  
  86  7:33  Extractor  
  86  7:34  Drone  
  86  7:36  Drone  
  90  7:43  Overlord  
  90  7:50  Drone x2  
  90  7:51  Drone  
  91  7:54  Drone  
  91  7:57  Drone x2  
  91  7:58  Drone  
  91  8:00  Drone x2  
  91  8:01  Drone  
  90  8:08  Overlord  
  90  8:10  Overlord  
  90  8:12  Overlord  
  81  8:28  Drone, Infestor, Hydralisk  
  81  8:30  Drone  
  81  8:33  Drone  
  86  8:34  Drone  
  86  8:39  Overlord  
  85  8:45  Overlord  
  83  8:51  Overlord  
  80  8:57  Overlord  
  75  9:14  Queen  
  75  9:15  Drone  
  78  9:18  Overlord  
  78  9:20  Drone  
  78  9:22  Drone  
  80  9:25  Drone  
  81  9:35  Hydralisk  
  81  9:36  Overlord, Drone  
  84  9:39  Drone  
  84  9:43  Drone  
  84  9:46  Drone  
  84  9:49  Drone  
  82  9:53  Overseer  
  82  9:54  Drone  
  82  9:59  Overlord  
  81  10:05  Overlord  
  67  10:16  Queen  
  67  10:17  Zergling x2  
  67  10:20  Zergling x2  
  56  10:24  Roach  
  56  10:28  Roach  
  60  10:32  Roach  
  60  10:34  Drone  
  63  10:36  Drone  
  63  10:39  Drone  
  63  10:42  Drone  
  66  10:45  Drone  
  66  10:47  Drone  
  66  10:49  Drone  
  69  10:52  Drone  
  69  10:53  Drone  
  69  10:57  Drone  
  72  10:58  Drone  
  72  11:02  Overlord  
  73  11:04  Drone  
  73  11:08  Drone  
  73  11:10  Drone  
  71  11:13  Drone  
  71  11:20  Overlord, Drone  
  69  11:38  Overlord  
  67  11:42  Overlord  
  63  11:58  Overlord  
  63  12:00  Overlord  
  63  12:03  Overlord  
  63  12:12  Overlord  
  63  12:29  Queen  
  63  12:30  Overlord  
  65  12:48  Overlord, Drone, Roach x2  
  65  12:49  Spire, Drone  
  70  13:05  Hydralisk  
  70  13:06  Drone, Roach  
  70  13:07  Hive, Overlord  
  70  13:09  Drone  
  70  13:11  Drone  
  77  13:13  Drone  
  78  13:25  Overlord, Drone  
  78  13:26  Drone x3  
  82  13:27  Drone  
  82  13:31  Drone  
  83  13:34  Drone  
  83  13:36  Drone  
  83  13:37  Drone  
  83  13:39  Zergling x2  
  58  13:50  Zergling x2  
  39  14:03  Corruptor  
  39  14:05  Roach  
  39  14:09  Roach  
  43  14:24  Zergling x2  
  23  14:33  Zergling x2  
Tags
 
Add a new tag
Caveats
  • Supply blocks, unpowered buildings, or Contaminate may cause inaccurate times.
  • Supply counts are checked every 10 seconds.